 Dungeon Crawl Stone Soup version 0.17.0-26-gececa24 (webtiles) character file.

6340 graki42 the Basher (level 10, 0/171 HPs)
             Began as an Ogre Berserker on Nov 20, 2015.
             Was a High Priest of Trog.
             Slain by a slime creature (4 damage)
             ... on level 9 of the Dungeon.
             The game lasted 00:31:28 (7647 turns).

graki42 the Basher (Ogre Berserker)                 Turns: 7647, Time: 00:31:28

Health: 0/171      AC: 14    Str: 32    XL:     10   Next: 96%
Magic:  10/10      EV: 14    Int:  6    God:    Trog [*****.]
Gold:   848        SH:  0    Dex: 11    Spells: 0 memorised, 9 levels left

rFire  . . .     SeeInvis .     F - +1 giant spiked club
rCold  + . .     Clarity  .     N - +2 robe {rN+}
rNeg   + . .     SustAt   .     (shield currently unavailable)
rPois  +         Gourm    .     (helmet restricted)
rElec  .         Spirit   .     l - +2 cloak
rCorr  .         Warding  .     (gloves unavailable)
rMut   .         Stasis   .     (boots unavailable)
MR     +....                    (no amulet)
Stlth  ..........               P - ring of poison resistance
                                d - +6 ring of protection

@: berserking, studying Axes, very quick, somewhat resistant to hostile
enchantments, extremely unstealthy
A: unfitting armour, horns 1, agile 1, cold resistance 1, tough skin 1
a: Berserk, Trog's Hand, Brothers in Arms, Burn Spellbooks, Renounce Religion


You were on level 9 of the Dungeon.
You worshipped Trog.
Trog was extremely pleased with you.
You were hungry.

You visited 1 branch of the dungeon, and saw 9 of its levels.
You also visited: Bailey.

You collected 848 gold pieces.

Inventory:

Hand Weapons
 m - a +0 giant club
 F - a +1 giant spiked club (weapon)
 J - the cursed +2 hunting sling of the Forsaken Suns {venom, MP-9 Dex+7 SInv Stlth+, unknown}
   (You found it on level 6 of the Dungeon)

   It poisons the ammo it fires.
   It affects your dexterity (+7).
   It affects your magic capacity (-9).
   It lets you see invisible.
   It makes you more stealthy.
   It has a curse placed upon it.
Missiles
 D - 8 throwing nets (quivered)
Armour
 l - a +2 cloak (worn)
 N - a +2 robe of positive energy (worn)
 Q - a +0 robe of positive energy
Jewellery
 d - a +6 ring of protection (left hand)
 q - an uncursed amulet of stasis
 E - an uncursed ring of positive energy
 K - an uncursed ring of teleportation
 P - a ring of poison resistance (right hand)
 R - an uncursed ring of positive energy
 S - an uncursed ring of sustain attributes
Wands
 H - a wand of polymorph (1)
 L - a wand of fireball (7)
Scrolls
 b - a scroll of remove curse
 f - a scroll of fear {unknown}
 i - a scroll of blinking
 p - 3 scrolls of immolation
 s - 2 scrolls of fog
 t - a scroll of noise
 x - 2 scrolls of enchant weapon
 C - 2 scrolls of teleportation
Potions
 a - a potion of lignification
 e - a potion of magic
 g - 3 potions of curing {unknown}
 h - 3 potions of poison {unknown}
 k - 4 potions of flight {unknown}
 n - 2 potions of agility
 r - a potion of cancellation
 v - a potion of might
 w - 2 potions of resistance
 A - a potion of cure mutation
 B - a potion of heal wounds
 G - 2 potions of invisibility {unknown}
 M - a potion of berserk rage
 O - 2 potions of degeneration {unknown}
 W - a potion of haste
Books
 y - a book of Death

   Spells                             Type                      Level
   a - Corpse Rot                     Necromancy                   2
   b - Sublimation of Blood           Necromancy                   2
   c - Agony                          Necromancy                   5
   d - Dispel Undead                  Necromancy                   5
   e - Excruciating Wounds            Charms/Necromancy            5
   f - Bolt of Draining               Conjuration/Necromancy       5
   Trog disapproves of the use of such an item.
 T - a book of the Earth

   Spells                             Type                      Level
   a - Leda's Liquefaction            Hexes/Earth                  4
   b - Bolt of Magma                  Conjuration/Fire/Earth       5
   c - Statue Form                    Transmutation/Earth          6
   d - Iron Shot                      Conjuration/Earth            6
   e - Shatter                        Earth                        9
   Trog disapproves of the use of such an item.
 X - a manual of Axes
Comestibles
 c - 9 bread rations
 j - a slice of pizza
 o - 4 meat rations
 u - 3 chunks of flesh
 I - a fruit
 U - a beef jerky


   Skills:
 + Level 11.4 Fighting
 + Level 12.7 Maces & Flails
 + Level 9.6 Dodging
 - Level 1.0 Stealth
 + Level 0.3 Unarmed Combat


You had 9 spell levels left.
You didn't know any spells.

Dungeon Overview and Level Annotations

Branches:
Dungeon (9/15)             Temple (0/1) D:5            Lair (0/8) D:8
    Orc: D:9-12

Altars:
Ashenzari
Cheibriados
Elyvilon
Fedhas
Gozag
Kikubaaqudgha
Makhleb
Okawaru
Qazlal
Sif Muna
Trog
Zin

Shops:
D:4 :

Annotations:
D:8 Psyche


Innate Abilities, Weirdness & Mutations

You are too large for most types of armour.
You have tough skin (AC +1).
You have a pair of small horns on your head.
You are agile. (Dex +2)
Your flesh is cold resistant.


Message History

A large slime creature splits.
The slime creature hits you!
* * * LOW HITPOINT WARNING * * *
You thump the slime creature!
The slime creature is heavily wounded.
You barely miss the slime creature. You headbutt the slime creature!
The slime creature is severely wounded.
The slime creature hits you.
* * * LOW HITPOINT WARNING * * *
The slime creature hits you!
* * * LOW HITPOINT WARNING * * *
The slime creature hits you!
* * * LOW HITPOINT WARNING * * *
A slime creature comes into view.
A centaur comes into view.
The centaur wields a shortbow.
The centaur shoots an arrow.
The arrow hits you but does no damage.
You see here an arrow.
You feel a strong urge to attack something.
The slime creature hits you.
You die...

# .# # ###J## # ....# #
.... #J.# #'######†.##
c......JJ..# #
#...<..(J..+ ##
#....##.@.## .#
#..}.###'### .#
...........# .#
........$..+ ##
#..######.##
#################.###
.#.....#....))......#
.#.....'.....)......'...
##..######.##).##'#####..


You could see 5 slime creatures.

Vanquished Creatures
  The ghost of dxctxrx the Grappler, a novice MiMo of Makhleb (D:9)
  Maurice (D:8)
  Joseph (D:7)
  Grinder (D:6)
  Prince Ribbit (D:7)
  A slime creature (D:9)
  A wyvern (D:8)
  A spriggan (D:7)
  Menkaure (D:6)
  2 water moccasins
  Duvessa (D:6)
  2 black bears (D:9)
  An orc warrior (D:9)
  4 ogres
  2 ice beasts
  2 centaurs
  A sky beast (D:5)
  A big kobold (D:8)
  Blork the orc (D:6)
  4 giant frogs
  Dowan (D:6)
  7 gnoll sergeants (Bailey)
  4 scorpions
  A water moccasin skeleton (D:8)
  4 killer bees (D:8)
  3 electric eels (D:7)
  A crimson imp (D:9)
  6 orc priests
  A centaur skeleton (D:6)
  5 gnoll shamans (Bailey)
  6 hounds
  7 orc wizards
  2 iguanas
  3 worker ants
  2 hound skeletons
  2 worker ant zombies
  10 adders
  9 gnolls (Bailey)
  4 shadow imps
  13 giant geckos
  33 orcs
  6 bats
  6 giant cockroaches
  12 goblins
  8 hobgoblins
  5 jackals
  3 ball pythons
  A ball python zombie (D:5)
  3 giant gecko zombies
  5 giant newts
  14 kobolds
  2 quokkas
  11 rats
  2 fungi (D:8)
232 creatures vanquished.

Vanquished Creatures (collateral kills)
  A gnoll sergeant (Bailey)
  A gnoll shaman (Bailey)
  5 gnolls (Bailey)
7 creatures vanquished.

Grand Total: 239 creatures vanquished

Notes
Turn   | Place    | Note
--------------------------------------------------------------
     0 | D:1      | graki42 the Ogre Berserker began the quest for the Orb.
     0 | D:1      | Reached XP level 1. HP: 24/24 MP: 1/1
    85 | D:1      | Reached XP level 2. HP: 26/33 MP: 2/2
   147 | D:1      | Found a snail-covered altar of Cheibriados.
   487 | D:1      | Reached ** piety under Trog
   555 | D:1      | Reached XP level 3. HP: 23/40 MP: 3/3
   728 | D:2      | Found an ancient bone altar of Kikubaaqudgha.
   884 | D:2      | Found a burning altar of Makhleb.
   884 | D:2      | Found a bloodstained altar of Trog.
   887 | D:2      | Found a white marble altar of Elyvilon.
  1092 | D:2      | Reached XP level 4. HP: 43/49 MP: 4/4
  1365 | D:2      | Found a blossoming altar of Fedhas.
  1366 | D:2      | Found an opulent altar of Gozag.
  1744 | D:3      | Reached skill level 5 in Fighting
  1744 | D:3      | Reached XP level 5. HP: 44/57 MP: 5/5
  1807 | D:3      | Reached skill level 5 in Maces & Flails
  2027 | D:3      | Reached *** piety under Trog
  2427 | D:4      | Reached XP level 6. HP: 40/66 MP: 6/6
  2629 | D:4      | Found Ishatis's Book Shop.
  2702 | D:4      | Reached skill level 1 in Stealth
  3050 | D:4      | Reached skill level 5 in Dodging
  3133 | D:4      | Found a shattered altar of Ashenzari.
  3433 | D:5      | Entered Level 5 of the Dungeon
  3487 | D:5      | Reached XP level 7. HP: 74/74 MP: 7/7
  3536 | D:5      | Found a glowing silver altar of Zin.
  3634 | D:5      | Reached skill level 6 in Maces & Flails
  3743 | D:5      | Gained mutation: You are agile. (Dex +2) [mutagenic meat]
  3744 | D:5      | Gained mutation: Your muscles are strong. (Str +2) [mutagenic meat]
  3784 | D:5      | Found a staircase to the Ecumenical Temple.
  3927 | D:6      | Noticed Blork the orc
  3940 | D:6      | Killed Blork the orc
  4037 | D:6      | Reached skill level 7 in Maces & Flails
  4037 | D:6      | Reached XP level 8. HP: 72/84 MP: 8/8
  4160 | D:6      | Reached **** piety under Trog
  4310 | D:6      | Noticed Menkaure
  4311 | D:6      | Killed Menkaure
  4369 | D:6      | Noticed Grinder
  4380 | D:6      | Killed Grinder
  4380 | D:6      | Reached skill level 8 in Maces & Flails
  4414 | D:6      | Noticed Duvessa
  4422 | D:6      | Noticed Dowan
  4459 | D:6      | Killed Duvessa
  4460 | D:6      | Killed Dowan
  4537 | D:6      | Got a warped hunting sling
  4721 | D:7      | Reached XP level 9. HP: 92/96 MP: 9/9
  4785 | D:7      | Reached skill level 9 in Maces & Flails
  5152 | D:7      | Noticed Prince Ribbit
  5168 | D:7      | Killed Prince Ribbit
  5183 | D:7      | Reached skill level 10 in Maces & Flails
  5296 | D:7      | Noticed Joseph
  5377 | D:7      | Killed Joseph
  5670 | D:8      | Reached ***** piety under Trog
  5707 | D:8      | Received a gift from Trog
  5707 | D:8      | Reached skill level 11 in Maces & Flails
  5744 | D:8      | Reached skill level 10 in Fighting
  5845 | D:8      | Noticed Psyche
  5860 | D:8      | Found a deep blue altar of Sif Muna.
  5863 | D:8      | Found a stormy altar of Qazlal.
  5865 | D:8      | Found an iron altar of Okawaru.
  5875 | D:8      | Reached XP level 10. HP: 89/110 MP: 10/10
  5883 | D:8      | Noticed Maurice
  5892 | D:8      | Killed Maurice
  6124 | D:8      | Found a staircase to the Lair.
  6225 | D:8      | Received a gift from Trog
  6582 | D:9      | Found a flagged portal.
  6597 | Bailey   | Entered a bailey
  6695 | Bailey   | Reached skill level 12 in Maces & Flails
  7534 | D:9      | Gained mutation: You have a pair of small horns on your head. [potion of mutation]
  7534 | D:9      | Lost mutation: Your muscles are strong. (Str +2) [potion of mutation]
  7534 | D:9      | Gained mutation: Your flesh is cold resistant. [potion of mutation]
  7579 | D:9      | Noticed dxctxrx's ghost (novice MiMo)
  7593 | D:9      | Killed dxctxrx's ghost
  7645 | D:9      | HP: 4/171 [slime creature (12)]
  7647 | D:9      | Slain by a slime creature

Action                   |  1- 3 |  4- 6 |  7- 9 | 10-12 || total
-------------------------+-------+-------+-------+-------++-------
Melee: Mace              |   143 |   203 |       |       ||   346
       Flail             |       |    10 |    32 |       ||    42
       Giant club        |       |       |   177 |    90 ||   267
       Unarmed           |       |       |    10 |       ||    10
       Giant spiked club |       |       |       |    81 ||    81
Invok: Berserk           |     1 |     4 |     7 |     6 ||    18
       Trog's Hand       |       |     2 |     2 |     1 ||     5
       Brothers in Arms  |       |       |       |     1 ||     1
  Use: Scroll            |       |     8 |     2 |    15 ||    25
       Potion            |       |       |       |     2 ||     2
 Stab: Sleeping          |       |       |     2 |       ||     2
       Distracted        |       |       |     1 |       ||     1
  Eat: Chunk             |     2 |    12 |    13 |    13 ||    40
       Pizza             |       |       |     1 |       ||     1
       Fruit             |       |       |     1 |       ||     1
